 Dungeon Crawl Stone Soup version 0.31-a0-344-gd109795599 (webtiles) character file.

Game seed: 2314783168005007432

9 GordonOverkill the Sneak (level 2, 0/24 HPs)
             Began as a Mummy Delver on July 22, 2023.
             Slain by an orc
             ... wielding a +0 flail
              (3 damage)
             ... on level 5 of the Dungeon.
             The game lasted 00:00:26 (63 turns).

GordonOverkill the Sneak (Mummy Delver)               Turns: 63, Time: 00:00:26

Health: 0/24       AC:  3    Str: 15    XL:     2   Next: 3%
Magic:  2/5        EV: 11    Int:  9    God:
Gold:   0          SH:  0    Dex: 13    Spells: 5/5 levels left

rFire   x . .        a - +0 short sword
rCold   + . .        (no shield)
rNeg    + + +        b - +0 leather armour
rPois   ∞            (no helmet)
rElec   .            (no cloak)
rCorr   .            (no gloves)
SInv    .            (no boots)
Will    .....        (no amulet)
Stlth   ++           (no ring)
HPRegen 0.24/turn    (no ring)
MPRegen 0.09/turn

%: faith
@: no status effects
A: cold resistance 1, negative energy resistance 3, torment resistance 2, heat
vulnerability 1, no potions, faith
a: no special abilities


You were on level 5 of the Dungeon.
You visited 1 branch of the dungeon, and saw 2 of its levels.

Inventory:

Hand Weapons
 a - a +0 short sword (weapon)
Armour
 b - a +0 leather armour (worn)
Wands
 f - a wand of digging (3)
Scrolls
 c - a scroll of fog
 d - a scroll of revelation
 e - a scroll of fear


   Skills:
 - Level 3.0 Fighting
 - Level 1.5 Short Blades
 - Level 1.5 Dodging
 - Level 4.1 Stealth
 + Level 2.1 Spellcasting


You had 5 spell levels left.
You didn't know any spells.
Your spell library was empty.

Dungeon Overview and Level Annotations

Branches:
Dungeon (6/15)
 Temple: D:4-7

Altars:


Innate Abilities, Weirdness & Mutations

You are immune to poison.
Your flesh is cold resistant. (rC+)
You are immune to negative energy. (rN+++)
You are immune to unholy pain and torment.
You are vulnerable to heat. (rF-)
You do not drink.
You have a special connection with the divine. (Faith)


Message History

The adder barely misses you.
You barely miss the adder.
The adder is severely wounded.
The adder bites you but does no damage.
An orc comes into view. It is wielding a +0 club.
The orc shouts!
You hit the adder.
You kill the adder!
You hear a shout!
A lemure comes into view.
Your Spellcasting skill gained 2 levels and is now at level 2!
You have reached level 2!
The orc attacks as you move away! The orc hits you with a +0 flail.
* * * LOW HITPOINT WARNING * * *
A hound comes into view.
The orc closely misses you.
There is a stone staircase leading up here.
The orc hits you with a +0 flail.
* * * LOW HITPOINT WARNING * * *
You climb upwards.
There is a stone staircase leading down here.
You closely miss the orc. The orc barely misses you.
You barely miss the orc. The orc misses you.
You barely miss the orc. You barely miss the orc.
The orc hits you with a +0 flail.
* * * LOW HITPOINT WARNING * * *
You barely miss the orc. The orc misses you.
You barely miss the orc. The orc hits you with a +0 flail.
* * * LOW HITPOINT WARNING * * *
You hit the orc.
The orc is heavily wounded.
The orc hits you with a +0 flail.
* * * LOW HITPOINT WARNING * * *
You hit the orc but do no damage.
The orc is heavily wounded.
The orc completely misses you.
You hit the orc.
The orc is almost dead.
The orc hits you with a +0 flail.
You die...

........# ........#
# #.......# #.
#.......# #.####
#.......#
#####...###.......#
........'.'.......#
###....###.......#
#....# #.o@....#
#....# #########
#....# #....#
#....# #....#
#....#


You could see an orc.

Vanquished Creatures
  An adder (D:6)
1 creature vanquished.

Notes
Turn   | Place    | Note
-------+----------+-------------------------------------------
     0 | D:5      | GordonOverkill the Mummy Delver began the quest for the
                  | Orb.
     0 | D:5      | Reached XP level 1. HP: 18/18 MP: 1/1
    45 | D:6      | Noticed a lemure
    46 | D:6      | Reached XP level 2. HP: 13/24 MP: 1/5
    63 | D:5      | Slain by an orc

Illustrated notes

Levels and vault maps discovered:
D:5:      layout_basic, uniq_sigmund, uniq_eustachio, uniq_blork_the_orc
D:6:      layout_layer_cave, nicolae_overflow_crystal_walls, uniq_pikel

Skill      XL: |  1 |
---------------+----+-----
Spellcasting   | 2 |  2.1
Fighting       | |  3.0
Short Blades   | |  1.5
Dodging        | |  1.5
Stealth        | |  4.1

Action                     || total
---------------------------++-------
  Melee: Short sword       ||    22
   Stab: Sleeping          ||     1
 Armour: Leather armour    ||     3
  Dodge: Dodged            ||    12

Table legend: (Time is in decaauts)
 A = Elapsed time spent in this place.
 B = Non-inter-level travel time spent in this place.
 C = Inter-level travel time spent in this place.
 D = Time resting spent in this place.
 E = Time spent auto-exploring this place.
 F = Levels seen in this place.
 G = Mean time per level.
                   A        B        C        D        E       F      G
               +--------+--------+--------+--------+--------+-----+--------+
         Total |     61 |     61 |      0 |      0 |      0 |   2 |   30.5 |
       Dungeon |     61 |     61 |      0 |      0 |      0 |   2 |   30.5 |
               +--------+--------+--------+--------+--------+-----+--------+

Top non-repeatable levels by time:
     D:6: 37 daAuts
     D:5: 24 daAuts
